AoeStats
← sma.amit

Arabia

509411847Analyzed
1v1 RM · 7d ago on Sep 26, 2026· 18m 46s· 2 players
Game mode
Random Map
Map size
Tiny (2 player)
Population
200
Speed
Normal
Resources
Standard
Victory
Conquest
Starting age
Dark Age
Ending age
Imperial Age
RankedLock teamsTeams togetherTeam positionsShared explorationLock speedFull tech treeHidden civsTurbo modeCheats
Victory
Defeat
🇨🇴 Varangians · Colombia
1082
+17
🇮🇳 Danes · India
1102
-17
SASI8288
6:11 Loom
9:06 Feudal Age
12:42 Double-Bit Axe
13:11 Bloodlines
12:54 Double-Bit Axe
sma.amit
6:23 Loom
8:59 Feudal Age
9:54 Double-Bit Axe
19:01 Castle Age
Connection lost

Rejoining the realm…

Still unreachable

The connection could not be restored.

Session expired

The server has moved on; the page needs a fresh start.